[ PARTIDA AOE2 · #461662731 ]
UnrankedAztecas vs Turks
[ ANÁLISIS DE REPETICIÓN · EXTRAÍDO DE LA PARTIDA GRABADA ]
Feudal
8:29
Castillos
12:01
Imperial
26:18
| APM promedio | 29.2 |
| APM pico | 62 |
| eAPM promedio | 16.8 |
| Aldeanos / militares | 116 / 408 |
Foco
⚔️ 39.7% · 🌾 60.3%
Skirmisher ×361 · Eagle Scout ×25 · Trade Cart ×20 · Mangonel ×17 · Trebuchet (Packed) ×3 · Monk ×2
Feudal
7:51
Castillos
11:21
Imperial
24:45
| APM promedio | 39.1 |
| APM pico | 86 |
| eAPM promedio | 21.0 |
| Aldeanos / militares | 146 / 194 |
Foco
⚔️ 41.0% · 🌾 59.0%
Janissary ×95 · Scout Cavalry ×80 · Bombard Cannon ×18 · Trebuchet (Packed) ×1
Feudal
8:01
Castillos
11:42
Imperial
24:05
| APM promedio | 50.9 |
| APM pico | 97 |
| eAPM promedio | 37.6 |
| Aldeanos / militares | 134 / 303 |
Foco
⚔️ 54.5% · 🌾 45.5%
Spearman ×285 · Unknown (2550) ×125 · Trade Cart ×35 · Battering Ram ×17 · Mangonel ×1
Feudal
8:26
Castillos
12:35
Imperial
27:25
| APM promedio | 28.9 |
| APM pico | 62 |
| eAPM promedio | 14.7 |
| Aldeanos / militares | 158 / 180 |
Foco
⚔️ 25.8% · 🌾 74.2%
Knight ×150 · Mangonel ×19 · Bombard Cannon ×8 · Monk ×3
Feudal
8:39
Castillos
12:10
Imperial
24:47
| APM promedio | 45.3 |
| APM pico | 76 |
| eAPM promedio | 24.0 |
| Aldeanos / militares | 157 / 173 |
Foco
⚔️ 23.5% · 🌾 76.5%
Cavalry Archer ×121 · Spearman ×38 · Archer ×5 · Militia ×5 · Trebuchet (Packed) ×4
Feudal
7:36
Castillos
11:16
Imperial
27:01
| APM promedio | 32.7 |
| APM pico | 68 |
| eAPM promedio | 18.9 |
| Aldeanos / militares | 138 / 184 |
Foco
⚔️ 36.9% · 🌾 63.1%
Ratha (Ranged) ×174 · Trebuchet (Packed) ×8 · Trade Cart ×6 · Petard ×2
Feudal
7:38
Castillos
11:15
Imperial
31:14
| APM promedio | 30.2 |
| APM pico | 72 |
| eAPM promedio | 16.5 |
| Aldeanos / militares | 112 / 141 |
Foco
⚔️ 25.9% · 🌾 74.1%
Eagle Scout ×120 · Mangonel ×10 · Battering Ram ×7 · Spearman ×2 · Trebuchet (Packed) ×2
Feudal
7:40
Castillos
11:28
Imperial
34:17
| APM promedio | 32.6 |
| APM pico | 68 |
| eAPM promedio | 17.2 |
| Aldeanos / militares | 143 / 234 |
Foco
⚔️ 30.3% · 🌾 69.7%
Skirmisher ×129 · Organ Gun ×94 · Trade Cart ×18 · Bombard Cannon ×7 · Archer ×2 · Mangonel ×1
Mapa de la partida
Recursos iniciales + cada clic de construcción. Líneas = muros · curvas = relieve. ◆ oro · ⬟ piedra · ● bayas · ✦ reliquia · ◌ hueco del cierre
Tu base· ✓ Cerrada en 12:01 · 0t muro · 8 puerta(s)
Base de RoyalT_Spopovich· ✓ Cerrada en 11:21 · 0t muro · 8 puerta(s)
Base de Richman· ✓ Cerrada en 11:42 · 0t muro · 6 puerta(s)
Base de ABOMB· ✓ Cerrada en 12:35 · 0t muro · 8 puerta(s)
Base de Wizo· ✓ Cerrada en 12:10 · 0t muro · 6 puerta(s)
Base de konstid· ✓ Cerrada en 11:16 · 0t muro · 4 puerta(s)
Base de Alvaro· ✓ Cerrada en 11:15 · 0t muro · 8 puerta(s)
Base de gamelnderGamler· ✓ Cerrada en 11:28 · 0t muro · 6 puerta(s)
Terreno inicial suavizado · ◌ = hueco del cierre detectado · pasá el cursor para detalles
Inputs por minuto
— schizotypepd - - RoyalT_Spopovich
Build order — schizotypepd
Primeras 150 de 421 acciones detectadas
| 0:01 | Crear | Villager (Male) |
| 0:01 | Crear | Villager (Male) |
| 0:01 | Crear | Villager (Male) |
| 0:15 | Construir | Lumber Camp |
| 0:47 | Crear | Villager (Male) |
| 0:58 | Construir | Mill |
| 1:29 | Crear | Villager (Male) |
| 1:56 | Crear | Villager (Male) |
| 2:26 | Crear | Villager (Male) |
| 2:43 | Crear | Villager (Male) |
| 3:13 | Crear | Villager (Male) |
| 3:38 | Crear | Villager (Male) |
| 3:48 | Crear | Villager (Male) |
| 4:08 | Crear | Villager (Male) |
| 4:25 | Crear | Villager (Male) |
| 4:39 | Construir | Farm |
| 4:51 | Crear | Villager (Male) |
| 5:04 | Construir | Farm |
| 5:20 | Construir | Farm |
| 5:23 | Construir | Farm |
| 5:25 | Crear | Villager (Male) |
| 5:32 | Construir | Farm |
| 6:11 | Crear | Villager (Male) |
| 6:14 | Investigar | Feudal Age |
| 6:19 | Investigar | Feudal Age |
| 6:38 | Construir | Mining Camp |
| 7:44 | Crear | Villager (Male) |
| 8:23 | Crear | Villager (Male) |
| 8:29 | Edad | Edad Feudal |
| 8:33 | Construir | Market |
| 8:36 | Construir | Blacksmith |
| 9:21 | Investigar | Castle Age |
| 9:21 | Investigar | Castle Age |
| 9:24 | Investigar | Horse Collar |
| 9:35 | Investigar | Double-Bit Axe |
| 9:44 | Construir | Farm |
| 10:05 | Construir | Farm |
| 11:33 | Crear | Villager (Male) |
| 11:34 | Crear | Villager (Male) |
| 12:01 | Edad | Edad de los Castillos |
| 12:04 | Construir | Town Center |
| 12:11 | Construir | Town Center |
| 12:21 | Crear | Villager (Male) |
| 12:22 | Crear | Villager (Male) |
| 12:30 | Investigar | Wheelbarrow |
| 12:45 | Crear | Villager (Male) |
| 12:47 | Investigar | Bow Saw |
| 13:08 | Investigar | Heavy Plow |
| 13:09 | Crear | Villager (Male) |
| 13:09 | Crear | Villager (Male) |
| 13:16 | Crear | Villager (Male) |
| 13:16 | Crear | Villager (Male) |
| 13:16 | Crear | Villager (Male) |
| 13:29 | Crear | Villager (Male) |
| 13:29 | Crear | Villager (Male) |
| 13:30 | Crear | Villager (Male) |
| 13:44 | Construir | Farm |
| 13:44 | Construir | Farm |
| 13:47 | Crear | Villager (Male) |
| 13:50 | Construir | Farm |
| 13:55 | Construir | Farm |
| 13:55 | Crear | Villager (Male) |
| 13:56 | Crear | Villager (Male) |
| 14:01 | Construir | Farm |
| 14:02 | Crear | Villager (Male) |
| 14:02 | Crear | Villager (Male) |
| 14:08 | Construir | Farm |
| 14:15 | Construir | House |
| 14:15 | Construir | House |
| 14:17 | Construir | House |
| 14:18 | Crear | Villager (Male) |
| 14:50 | Crear | Villager (Male) |
| 15:06 | Construir | Mining Camp |
| 15:10 | Crear | Villager (Male) |
| 15:10 | Crear | Villager (Male) |
| 15:10 | Crear | Villager (Male) |
| 15:12 | Investigar | Loom |
| 15:43 | Crear | Villager (Male) |
| 15:44 | Crear | Villager (Male) |
| 15:44 | Crear | Villager (Male) |
| 15:51 | Construir | Mill |
| 15:52 | Construir | Farm |
| 15:52 | Construir | Farm |
| 15:52 | Construir | Farm |
| 15:53 | Construir | Farm |
| 15:53 | Construir | Farm |
| 15:53 | Construir | Farm |
| 15:54 | Construir | Farm |
| 15:59 | Construir | Mill |
| 16:00 | Construir | Farm |
| 16:00 | Construir | Farm |
| 16:01 | Construir | Farm |
| 16:01 | Construir | Farm |
| 16:01 | Construir | Farm |
| 16:02 | Construir | Farm |
| 16:02 | Construir | Farm |
| 16:04 | Crear | Villager (Male) |
| 16:12 | Crear | Villager (Male) |
| 16:12 | Crear | Villager (Male) |
| 16:20 | Crear | Villager (Male) |
| 16:20 | Crear | Villager (Male) |
| 16:30 | Construir | Farm |
| 16:35 | Crear | Villager (Male) |
| 16:35 | Crear | Villager (Male) |
| 16:40 | Construir | Farm |
| 16:50 | Crear | Villager (Male) |
| 16:51 | Crear | Villager (Male) |
| 16:51 | Crear | Villager (Male) |
| 16:51 | Crear | Villager (Male) |
| 16:53 | Construir | Farm |
| 17:08 | Construir | Farm |
| 17:12 | Crear | Villager (Male) |
| 17:12 | Crear | Villager (Male) |
| 17:12 | Crear | Villager (Male) |
| 17:33 | Construir | House |
| 17:35 | Construir | House |
| 17:51 | Crear | Villager (Male) |
| 17:51 | Crear | Villager (Male) |
| 17:52 | Crear | Villager (Male) |
| 17:52 | Crear | Villager (Male) |
| 17:52 | Crear | Villager (Male) |
| 18:05 | Investigar | Wheelbarrow |
| 18:07 | Crear | Villager (Male) |
| 18:07 | Crear | Villager (Male) |
| 18:12 | Construir | Farm |
| 18:17 | Construir | Farm |
| 18:21 | Construir | Farm |
| 18:22 | Construir | Farm |
| 18:25 | Crear | Villager (Male) |
| 18:25 | Crear | Villager (Male) |
| 18:32 | Crear | Villager (Male) |
| 18:32 | Crear | Villager (Male) |
| 18:50 | Construir | Monastery |
| 18:52 | Crear | Villager (Male) |
| 18:52 | Crear | Villager (Male) |
| 18:55 | Crear | Villager (Male) |
| 18:55 | Crear | Villager (Male) |
| 18:58 | Investigar | Town Watch |
| 19:04 | Construir | House |
| 19:05 | Construir | House |
| 19:14 | Construir | Stone Wall |
| 19:19 | Crear | Villager (Male) |
| 19:19 | Crear | Villager (Male) |
| 19:30 | Crear | Villager (Male) |
| 19:31 | Crear | Villager (Male) |
| 19:35 | Crear | Monk |
| 19:46 | Crear | Villager (Male) |
| 19:51 | Construir | Farm |
| 19:52 | Construir | Farm |
| 19:52 | Construir | Farm |
Build order — RoyalT_Spopovich
Primeras 150 de 514 acciones detectadas
| 0:00 | Crear | Villager (Male) |
| 0:01 | Crear | Villager (Male) |
| 0:01 | Crear | Villager (Male) |
| 0:01 | Crear | Villager (Male) |
| 0:04 | Construir | Lumber Camp |
| 1:07 | Crear | Villager (Male) |
| 1:51 | Crear | Villager (Male) |
| 2:20 | Construir | Mill |
| 2:20 | Crear | Villager (Male) |
| 2:51 | Crear | Villager (Male) |
| 3:15 | Construir | Farm |
| 3:17 | Construir | Farm |
| 3:21 | Construir | Farm |
| 3:23 | Construir | Farm |
| 3:33 | Crear | Villager (Male) |
| 3:33 | Crear | Villager (Male) |
| 4:05 | Construir | Mining Camp |
| 4:07 | Crear | Villager (Male) |
| 4:39 | Crear | Villager (Male) |
| 5:16 | Crear | Villager (Male) |
| 5:35 | Investigar | Feudal Age |
| 7:45 | Crear | Villager (Male) |
| 7:45 | Crear | Villager (Male) |
| 7:51 | Edad | Edad Feudal |
| 7:53 | Construir | Market |
| 7:55 | Construir | Blacksmith |
| 8:27 | Construir | Lumber Camp |
| 8:41 | Investigar | Castle Age |
| 8:41 | Investigar | Castle Age |
| 9:26 | Investigar | Double-Bit Axe |
| 9:26 | Investigar | Double-Bit Axe |
| 9:30 | Investigar | Horse Collar |
| 9:30 | Investigar | Horse Collar |
| 10:16 | Construir | Farm |
| 10:31 | Construir | Farm |
| 11:21 | Edad | Edad de los Castillos |
| 11:21 | Crear | Janissary |
| 11:21 | Crear | Janissary |
| 11:21 | Crear | Janissary |
| 11:22 | Crear | Janissary |
| 11:22 | Crear | Janissary |
| 11:22 | Crear | Janissary |
| 11:23 | Crear | Villager (Male) |
| 11:23 | Crear | Villager (Male) |
| 11:24 | Crear | Villager (Male) |
| 11:29 | Construir | Town Center |
| 11:40 | Construir | Farm |
| 11:53 | Crear | Villager (Male) |
| 11:57 | Crear | Janissary |
| 11:57 | Crear | Janissary |
| 12:05 | Crear | Villager (Male) |
| 12:06 | Construir | Farm |
| 12:25 | Construir | Farm |
| 12:28 | Crear | Villager (Male) |
| 12:50 | Crear | Janissary |
| 12:56 | Construir | Farm |
| 13:05 | Crear | Villager (Male) |
| 13:18 | Crear | Villager (Male) |
| 13:18 | Crear | Villager (Male) |
| 13:20 | Construir | Farm |
| 13:25 | Construir | Farm |
| 13:35 | Crear | Villager (Male) |
| 13:35 | Crear | Villager (Male) |
| 13:38 | Construir | Farm |
| 13:56 | Construir | Farm |
| 13:57 | Crear | Villager (Male) |
| 13:57 | Crear | Villager (Male) |
| 14:06 | Construir | Farm |
| 14:18 | Crear | Villager (Male) |
| 14:21 | Construir | Farm |
| 14:27 | Crear | Villager (Male) |
| 14:27 | Crear | Villager (Male) |
| 14:47 | Crear | Villager (Male) |
| 14:47 | Crear | Villager (Male) |
| 14:48 | Crear | Villager (Male) |
| 14:53 | Construir | Farm |
| 14:55 | Construir | Farm |
| 15:12 | Crear | Villager (Male) |
| 15:12 | Crear | Villager (Male) |
| 15:12 | Crear | Villager (Male) |
| 15:58 | Crear | Villager (Male) |
| 15:58 | Crear | Villager (Male) |
| 15:58 | Crear | Villager (Male) |
| 15:59 | Construir | Farm |
| 16:01 | Construir | House |
| 16:02 | Construir | House |
| 16:03 | Construir | House |
| 16:04 | Construir | House |
| 16:06 | Construir | Town Center |
| 16:45 | Crear | Villager (Male) |
| 16:45 | Crear | Villager (Male) |
| 16:45 | Crear | Villager (Male) |
| 16:45 | Crear | Villager (Male) |
| 16:46 | Crear | Villager (Male) |
| 16:49 | Construir | Farm |
| 16:51 | Construir | Farm |
| 16:52 | Crear | Villager (Male) |
| 16:52 | Crear | Villager (Male) |
| 17:11 | Crear | Villager (Male) |
| 17:11 | Crear | Villager (Male) |
| 17:22 | Crear | Villager (Male) |
| 17:22 | Crear | Villager (Male) |
| 17:25 | Construir | Farm |
| 17:27 | Construir | Farm |
| 17:56 | Crear | Villager (Male) |
| 17:56 | Crear | Villager (Male) |
| 17:59 | Construir | Farm |
| 18:00 | Construir | Farm |
| 18:00 | Crear | Villager (Male) |
| 18:00 | Crear | Villager (Male) |
| 18:00 | Crear | Villager (Male) |
| 18:03 | Construir | House |
| 18:04 | Construir | House |
| 18:05 | Crear | Villager (Male) |
| 18:05 | Crear | Villager (Male) |
| 18:09 | Construir | Farm |
| 18:09 | Construir | Farm |
| 18:09 | Construir | Farm |
| 18:10 | Construir | Farm |
| 18:10 | Construir | Farm |
| 18:10 | Construir | Farm |
| 18:10 | Construir | Farm |
| 18:13 | Construir | Farm |
| 18:14 | Crear | Villager (Male) |
| 18:22 | Crear | Villager (Male) |
| 18:23 | Crear | Villager (Male) |
| 18:27 | Construir | Farm |
| 18:34 | Investigar | Wheelbarrow |
| 18:35 | Investigar | Loom |
| 19:30 | Crear | Villager (Male) |
| 19:30 | Crear | Villager (Male) |
| 19:33 | Construir | Mill |
| 19:34 | Construir | Farm |
| 19:34 | Construir | Farm |
| 19:35 | Construir | Farm |
| 19:35 | Construir | Farm |
| 19:35 | Construir | Farm |
| 19:35 | Construir | Farm |
| 20:21 | Construir | Farm |
| 20:24 | Crear | Villager (Male) |
| 20:24 | Crear | Villager (Male) |
| 20:25 | Crear | Villager (Male) |
| 20:26 | Crear | Villager (Male) |
| 20:30 | Construir | Farm |
| 20:55 | Construir | Town Center |
| 20:58 | Crear | Villager (Male) |
| 20:58 | Crear | Villager (Male) |
| 21:02 | Construir | Farm |
| 21:24 | Construir | Mining Camp |
| 21:35 | Investigar | Imperial Age |
Build order — Richman
Primeras 150 de 425 acciones detectadas
| 0:00 | Crear | Villager (Male) |
| 0:01 | Crear | Villager (Male) |
| 0:01 | Crear | Villager (Male) |
| 0:24 | Construir | Settlement |
| 1:04 | Crear | Villager (Male) |
| 1:18 | Crear | Villager (Male) |
| 1:52 | Crear | Villager (Male) |
| 2:25 | Crear | Villager (Male) |
| 2:25 | Crear | Villager (Male) |
| 3:07 | Construir | Settlement |
| 3:10 | Crear | Villager (Male) |
| 3:17 | Construir | Farm |
| 3:43 | Crear | Villager (Male) |
| 3:58 | Crear | Villager (Male) |
| 4:16 | Construir | Settlement |
| 4:33 | Crear | Villager (Male) |
| 5:00 | Crear | Villager (Male) |
| 5:03 | Construir | Farm |
| 5:24 | Crear | Villager (Male) |
| 5:27 | Construir | Farm |
| 5:43 | Investigar | Feudal Age |
| 5:52 | Construir | House |
| 5:56 | Construir | Farm |
| 6:56 | Crear | Villager (Male) |
| 6:56 | Crear | Villager (Male) |
| 8:01 | Edad | Edad Feudal |
| 8:04 | Construir | Blacksmith |
| 8:07 | Construir | Market |
| 9:02 | Investigar | Castle Age |
| 9:02 | Investigar | Castle Age |
| 9:38 | Investigar | Double-Bit Axe |
| 9:42 | Investigar | Horse Collar |
| 11:18 | Crear | Villager (Male) |
| 11:19 | Crear | Villager (Male) |
| 11:42 | Edad | Edad de los Castillos |
| 11:45 | Construir | Town Center |
| 11:56 | Construir | Town Center |
| 12:31 | Crear | Villager (Male) |
| 12:44 | Investigar | Bow Saw |
| 13:01 | Crear | Villager (Male) |
| 13:13 | Crear | Villager (Male) |
| 13:13 | Crear | Villager (Male) |
| 13:17 | Construir | Farm |
| 13:21 | Construir | Farm |
| 13:24 | Crear | Villager (Male) |
| 13:24 | Crear | Villager (Male) |
| 13:30 | Crear | Villager (Male) |
| 13:30 | Crear | Villager (Male) |
| 13:30 | Crear | Villager (Male) |
| 13:32 | Construir | Farm |
| 13:40 | Crear | Villager (Male) |
| 13:40 | Crear | Villager (Male) |
| 13:42 | Construir | Farm |
| 13:43 | Crear | Villager (Male) |
| 13:44 | Crear | Villager (Male) |
| 13:49 | Construir | Farm |
| 14:03 | Construir | Farm |
| 14:14 | Construir | Farm |
| 14:15 | Crear | Villager (Male) |
| 14:19 | Construir | Farm |
| 14:24 | Construir | Farm |
| 14:29 | Crear | Villager (Male) |
| 14:35 | Construir | Farm |
| 14:47 | Crear | Villager (Male) |
| 14:47 | Crear | Villager (Male) |
| 15:00 | Crear | Villager (Male) |
| 15:08 | Construir | Farm |
| 15:11 | Crear | Villager (Male) |
| 15:12 | Crear | Villager (Male) |
| 15:22 | Construir | Town Center |
| 15:27 | Crear | Villager (Male) |
| 15:27 | Crear | Villager (Male) |
| 15:30 | Construir | Farm |
| 15:37 | Crear | Villager (Male) |
| 15:37 | Crear | Villager (Male) |
| 15:44 | Construir | Farm |
| 15:45 | Crear | Villager (Male) |
| 15:45 | Crear | Villager (Male) |
| 15:48 | Construir | Farm |
| 15:53 | Construir | Farm |
| 15:56 | Construir | Farm |
| 15:56 | Crear | Villager (Male) |
| 16:03 | Construir | Farm |
| 16:06 | Crear | Villager (Male) |
| 16:06 | Crear | Villager (Male) |
| 16:16 | Construir | Farm |
| 16:17 | Crear | Villager (Male) |
| 16:17 | Crear | Villager (Male) |
| 16:23 | Construir | Farm |
| 16:28 | Crear | Villager (Male) |
| 16:33 | Construir | Farm |
| 16:34 | Crear | Villager (Male) |
| 16:35 | Crear | Villager (Male) |
| 16:40 | Construir | Farm |
| 16:41 | Crear | Villager (Male) |
| 16:46 | Crear | Villager (Male) |
| 16:53 | Construir | Palisade Gate |
| 17:03 | Crear | Villager (Male) |
| 17:03 | Crear | Villager (Male) |
| 17:05 | Construir | Farm |
| 17:06 | Construir | Farm |
| 17:08 | Construir | Farm |
| 17:12 | Crear | Villager (Male) |
| 17:13 | Crear | Villager (Male) |
| 17:14 | Construir | Farm |
| 17:19 | Construir | Farm |
| 17:26 | Crear | Villager (Male) |
| 17:26 | Crear | Villager (Male) |
| 17:35 | Construir | Farm |
| 17:37 | Crear | Villager (Male) |
| 17:38 | Crear | Villager (Male) |
| 17:39 | Crear | Villager (Male) |
| 17:44 | Construir | Farm |
| 17:45 | Crear | Villager (Male) |
| 17:45 | Crear | Villager (Male) |
| 17:47 | Construir | Farm |
| 17:54 | Crear | Villager (Male) |
| 17:55 | Crear | Villager (Male) |
| 17:58 | Construir | Farm |
| 18:00 | Crear | Villager (Male) |
| 18:04 | Construir | Farm |
| 18:08 | Construir | Farm |
| 18:08 | Crear | Villager (Male) |
| 18:21 | Crear | Villager (Male) |
| 18:21 | Crear | Villager (Male) |
| 18:22 | Crear | Villager (Male) |
| 18:27 | Construir | Farm |
| 18:30 | Construir | Farm |
| 18:37 | Investigar | Wheelbarrow |
| 18:42 | Construir | Farm |
| 18:43 | Crear | Villager (Male) |
| 18:43 | Crear | Villager (Male) |
| 18:44 | Construir | Farm |
| 18:48 | Construir | Farm |
| 18:49 | Crear | Villager (Male) |
| 18:49 | Crear | Villager (Male) |
| 18:54 | Crear | Villager (Male) |
| 18:55 | Crear | Villager (Male) |
| 18:56 | Crear | Villager (Male) |
| 18:56 | Crear | Villager (Male) |
| 19:10 | Crear | Villager (Male) |
| 19:10 | Crear | Villager (Male) |
| 19:25 | Construir | Town Center |
| 19:31 | Crear | Villager (Male) |
| 19:31 | Crear | Villager (Male) |
| 19:34 | Construir | Farm |
| 19:40 | Construir | Farm |
| 19:46 | Crear | Villager (Male) |
| 19:52 | Crear | Villager (Male) |
| 19:54 | Crear | Villager (Male) |
Build order — ABOMB
Primeras 150 de 421 acciones detectadas
| 0:01 | Crear | Villager (Male) |
| 0:02 | Crear | Villager (Male) |
| 0:02 | Crear | Villager (Male) |
| 0:08 | Construir | Mill |
| 0:31 | Construir | Lumber Camp |
| 0:37 | Crear | Villager (Male) |
| 0:59 | Crear | Villager (Male) |
| 0:59 | Crear | Villager (Male) |
| 1:33 | Crear | Villager (Male) |
| 1:33 | Crear | Villager (Male) |
| 2:09 | Crear | Villager (Male) |
| 2:38 | Crear | Villager (Male) |
| 2:38 | Crear | Villager (Male) |
| 2:54 | Crear | Villager (Male) |
| 2:54 | Crear | Villager (Male) |
| 2:55 | Crear | Villager (Male) |
| 2:55 | Crear | Villager (Male) |
| 3:14 | Construir | Mining Camp |
| 3:16 | Crear | Villager (Male) |
| 3:16 | Crear | Villager (Male) |
| 3:17 | Crear | Villager (Male) |
| 3:52 | Crear | Villager (Male) |
| 3:52 | Crear | Villager (Male) |
| 5:30 | Investigar | Loom |
| 5:37 | Construir | Farm |
| 5:42 | Construir | Farm |
| 5:50 | Investigar | Feudal Age |
| 8:26 | Edad | Edad Feudal |
| 8:31 | Construir | Blacksmith |
| 8:32 | Crear | Villager (Male) |
| 8:36 | Construir | Stable |
| 8:39 | Investigar | Horse Collar |
| 8:45 | Crear | Villager (Male) |
| 8:52 | Construir | Farm |
| 8:54 | Construir | Farm |
| 8:58 | Construir | Farm |
| 9:00 | Construir | Farm |
| 9:01 | Construir | Farm |
| 9:18 | Construir | Farm |
| 9:20 | Construir | Farm |
| 9:55 | Investigar | Castle Age |
| 10:24 | Investigar | Double-Bit Axe |
| 12:35 | Edad | Edad de los Castillos |
| 12:38 | Crear | Villager (Male) |
| 12:39 | Investigar | Bow Saw |
| 12:43 | Construir | Town Center |
| 12:55 | Crear | Villager (Male) |
| 13:05 | Crear | Villager (Male) |
| 13:29 | Crear | Villager (Male) |
| 13:29 | Crear | Villager (Male) |
| 13:39 | Crear | Villager (Male) |
| 13:45 | Construir | Town Center |
| 13:48 | Crear | Villager (Male) |
| 13:48 | Crear | Villager (Male) |
| 13:59 | Investigar | Heavy Plow |
| 14:13 | Construir | Farm |
| 14:19 | Crear | Villager (Male) |
| 14:19 | Crear | Villager (Male) |
| 14:38 | Crear | Villager (Male) |
| 14:38 | Crear | Villager (Male) |
| 15:07 | Construir | Mining Camp |
| 15:15 | Investigar | Wheelbarrow |
| 15:17 | Crear | Villager (Male) |
| 15:17 | Crear | Villager (Male) |
| 15:39 | Investigar | Stone Mining |
| 15:46 | Crear | Villager (Male) |
| 15:46 | Crear | Villager (Male) |
| 16:03 | Crear | Villager (Male) |
| 16:04 | Crear | Villager (Male) |
| 16:16 | Construir | Market |
| 16:22 | Crear | Villager (Male) |
| 16:22 | Crear | Villager (Male) |
| 16:40 | Construir | Farm |
| 16:41 | Construir | Farm |
| 16:45 | Construir | Farm |
| 16:46 | Construir | Farm |
| 16:47 | Construir | Farm |
| 16:49 | Construir | Farm |
| 16:51 | Crear | Villager (Male) |
| 16:51 | Crear | Villager (Male) |
| 16:51 | Crear | Villager (Male) |
| 17:00 | Construir | Farm |
| 17:02 | Construir | Farm |
| 17:10 | Crear | Villager (Male) |
| 17:11 | Crear | Villager (Male) |
| 17:22 | Construir | Town Center |
| 17:27 | Crear | Villager (Male) |
| 17:27 | Crear | Villager (Male) |
| 17:34 | Crear | Villager (Male) |
| 17:46 | Construir | Outpost |
| 17:48 | Crear | Villager (Male) |
| 17:48 | Crear | Villager (Male) |
| 17:50 | Crear | Villager (Male) |
| 17:59 | Construir | Lumber Camp |
| 18:04 | Crear | Villager (Male) |
| 18:04 | Crear | Villager (Male) |
| 18:07 | Construir | House |
| 18:08 | Construir | House |
| 18:23 | Crear | Villager (Male) |
| 18:23 | Crear | Villager (Male) |
| 18:23 | Crear | Villager (Male) |
| 18:34 | Construir | Stone Wall |
| 18:36 | Construir | Outpost |
| 18:41 | Crear | Villager (Male) |
| 18:41 | Crear | Villager (Male) |
| 18:47 | Construir | Stone Wall |
| 18:51 | Crear | Villager (Male) |
| 18:52 | Crear | Villager (Male) |
| 18:52 | Crear | Villager (Male) |
| 18:52 | Crear | Villager (Male) |
| 19:00 | Crear | Villager (Male) |
| 19:05 | Crear | Villager (Male) |
| 19:11 | Construir | University |
| 19:16 | Construir | Outpost |
| 19:19 | Investigar | Town Watch |
| 19:28 | Construir | Stone Wall |
| 19:29 | Construir | Stone Wall |
| 19:33 | Crear | Villager (Male) |
| 19:34 | Crear | Villager (Male) |
| 19:34 | Crear | Villager (Male) |
| 19:34 | Crear | Villager (Male) |
| 19:34 | Crear | Villager (Male) |
| 19:48 | Construir | Stone Wall |
| 19:52 | Crear | Villager (Male) |
| 19:53 | Crear | Villager (Male) |
| 19:53 | Crear | Villager (Male) |
| 20:01 | Investigar | Gold Mining |
| 20:06 | Construir | Outpost |
| 20:11 | Construir | House |
| 20:12 | Construir | House |
| 20:14 | Construir | House |
| 20:15 | Construir | House |
| 20:18 | Crear | Villager (Male) |
| 20:18 | Crear | Villager (Male) |
| 20:22 | Construir | House |
| 20:28 | Construir | Farm |
| 20:29 | Construir | Farm |
| 20:30 | Construir | Farm |
| 20:31 | Construir | Farm |
| 20:32 | Construir | Farm |
| 20:32 | Construir | Farm |
| 20:32 | Construir | Farm |
| 20:32 | Construir | Farm |
| 20:32 | Construir | Farm |
| 20:33 | Construir | Farm |
| 20:33 | Construir | Farm |
| 20:39 | Construir | Farm |
| 20:40 | Construir | Farm |
| 20:41 | Construir | Farm |
| 20:43 | Crear | Villager (Male) |
Build order — Wizo
Primeras 150 de 412 acciones detectadas
| 0:09 | Construir | Lumber Camp |
| 0:13 | Crear | Villager (Male) |
| 0:13 | Crear | Villager (Male) |
| 0:30 | Crear | Villager (Male) |
| 0:30 | Crear | Villager (Male) |
| 1:35 | Construir | Mill |
| 1:48 | Crear | Villager (Male) |
| 1:48 | Crear | Villager (Male) |
| 2:19 | Crear | Villager (Male) |
| 2:20 | Crear | Villager (Male) |
| 2:20 | Crear | Villager (Male) |
| 2:50 | Crear | Villager (Male) |
| 2:50 | Crear | Villager (Male) |
| 3:21 | Crear | Villager (Male) |
| 3:58 | Crear | Villager (Male) |
| 3:58 | Crear | Villager (Male) |
| 4:03 | Construir | Farm |
| 4:03 | Construir | Farm |
| 4:30 | Crear | Villager (Male) |
| 4:38 | Construir | Farm |
| 4:39 | Construir | Farm |
| 4:40 | Construir | Farm |
| 4:52 | Crear | Villager (Male) |
| 4:58 | Construir | Farm |
| 5:09 | Crear | Villager (Male) |
| 5:28 | Construir | Farm |
| 5:46 | Crear | Villager (Male) |
| 5:58 | Investigar | Feudal Age |
| 6:25 | Construir | Mining Camp |
| 8:13 | Crear | Villager (Male) |
| 8:13 | Crear | Villager (Male) |
| 8:39 | Edad | Edad Feudal |
| 8:43 | Construir | Market |
| 8:44 | Construir | Blacksmith |
| 9:30 | Investigar | Castle Age |
| 9:30 | Investigar | Castle Age |
| 9:30 | Investigar | Castle Age |
| 9:35 | Investigar | Double-Bit Axe |
| 9:51 | Investigar | Horse Collar |
| 11:39 | Crear | Villager (Male) |
| 12:10 | Edad | Edad de los Castillos |
| 12:12 | Construir | Town Center |
| 12:17 | Crear | Villager (Male) |
| 12:24 | Construir | Town Center |
| 12:34 | Crear | Villager (Male) |
| 12:37 | Investigar | Bow Saw |
| 12:58 | Crear | Villager (Male) |
| 13:14 | Investigar | Wheelbarrow |
| 13:32 | Crear | Villager (Male) |
| 13:41 | Crear | Villager (Male) |
| 13:48 | Crear | Villager (Male) |
| 13:48 | Crear | Villager (Male) |
| 14:12 | Crear | Villager (Male) |
| 14:12 | Crear | Villager (Male) |
| 14:22 | Construir | Town Center |
| 14:24 | Crear | Villager (Male) |
| 14:32 | Construir | Farm |
| 14:33 | Construir | Farm |
| 14:44 | Crear | Villager (Male) |
| 14:44 | Crear | Villager (Male) |
| 14:52 | Crear | Villager (Male) |
| 14:55 | Construir | Farm |
| 14:56 | Construir | Farm |
| 14:59 | Crear | Villager (Male) |
| 15:27 | Construir | Farm |
| 15:33 | Crear | Villager (Male) |
| 15:33 | Crear | Villager (Male) |
| 15:33 | Crear | Villager (Male) |
| 15:33 | Crear | Villager (Male) |
| 15:42 | Construir | Farm |
| 15:43 | Construir | Farm |
| 15:50 | Crear | Villager (Male) |
| 15:50 | Crear | Villager (Male) |
| 16:07 | Crear | Villager (Male) |
| 16:08 | Crear | Villager (Male) |
| 16:15 | Crear | Villager (Male) |
| 16:15 | Crear | Villager (Male) |
| 16:25 | Construir | Farm |
| 16:27 | Construir | Farm |
| 16:35 | Crear | Villager (Male) |
| 16:35 | Crear | Villager (Male) |
| 16:47 | Crear | Villager (Male) |
| 16:47 | Crear | Villager (Male) |
| 16:47 | Crear | Villager (Male) |
| 16:47 | Crear | Villager (Male) |
| 17:01 | Crear | Villager (Male) |
| 17:02 | Crear | Villager (Male) |
| 17:02 | Crear | Villager (Male) |
| 17:02 | Crear | Villager (Male) |
| 17:17 | Construir | Farm |
| 17:18 | Construir | Farm |
| 17:19 | Construir | Farm |
| 17:20 | Construir | Farm |
| 17:20 | Construir | Farm |
| 17:28 | Crear | Villager (Male) |
| 17:28 | Crear | Villager (Male) |
| 17:28 | Crear | Villager (Male) |
| 17:28 | Crear | Villager (Male) |
| 17:29 | Crear | Villager (Male) |
| 17:34 | Construir | House |
| 17:34 | Construir | House |
| 17:46 | Investigar | Town Watch |
| 17:46 | Investigar | Hand Cart |
| 17:49 | Investigar | Loom |
| 18:06 | Construir | Farm |
| 18:06 | Construir | Farm |
| 18:06 | Construir | Farm |
| 18:07 | Construir | Farm |
| 18:07 | Construir | Farm |
| 18:11 | Crear | Villager (Male) |
| 18:12 | Crear | Villager (Male) |
| 18:12 | Crear | Villager (Male) |
| 18:12 | Crear | Villager (Male) |
| 18:12 | Crear | Villager (Male) |
| 18:20 | Construir | Farm |
| 18:23 | Crear | Villager (Male) |
| 18:23 | Crear | Villager (Male) |
| 18:27 | Construir | Farm |
| 18:30 | Construir | Farm |
| 18:34 | Construir | Farm |
| 18:40 | Crear | Villager (Male) |
| 18:40 | Crear | Villager (Male) |
| 19:02 | Crear | Villager (Male) |
| 19:02 | Crear | Villager (Male) |
| 19:02 | Crear | Villager (Male) |
| 19:06 | Construir | Farm |
| 19:06 | Construir | Farm |
| 19:06 | Construir | Farm |
| 19:07 | Construir | Farm |
| 19:07 | Construir | Farm |
| 19:07 | Construir | Farm |
| 19:07 | Construir | Farm |
| 19:08 | Construir | Farm |
| 19:12 | Construir | House |
| 19:12 | Construir | House |
| 19:14 | Construir | House |
| 19:18 | Crear | Villager (Male) |
| 19:21 | Construir | Farm |
| 19:31 | Construir | Mining Camp |
| 19:32 | Crear | Villager (Male) |
| 19:32 | Crear | Villager (Male) |
| 19:39 | Construir | Farm |
| 19:43 | Construir | Farm |
| 19:46 | Construir | Farm |
| 19:51 | Construir | Farm |
| 19:53 | Crear | Villager (Male) |
| 19:53 | Crear | Villager (Male) |
| 19:53 | Crear | Villager (Male) |
| 20:40 | Construir | Stone Wall |
| 20:41 | Construir | Stone Wall |
Build order — konstid
Primeras 150 de 462 acciones detectadas
| 0:01 | Crear | Villager (Male) |
| 0:07 | Construir | Lumber Camp |
| 0:14 | Crear | Villager (Male) |
| 0:14 | Crear | Villager (Male) |
| 0:15 | Crear | Villager (Male) |
| 0:15 | Crear | Villager (Male) |
| 1:17 | Crear | Villager (Male) |
| 1:20 | Crear | Villager (Male) |
| 1:35 | Crear | Villager (Male) |
| 2:22 | Construir | Mining Camp |
| 2:51 | Crear | Villager (Male) |
| 2:59 | Construir | Mill |
| 3:19 | Crear | Villager (Male) |
| 3:20 | Crear | Villager (Male) |
| 3:55 | Crear | Villager (Male) |
| 4:01 | Construir | Farm |
| 4:04 | Construir | Farm |
| 4:07 | Construir | Farm |
| 4:23 | Crear | Villager (Male) |
| 4:32 | Construir | Farm |
| 4:59 | Crear | Villager (Male) |
| 5:23 | Investigar | Feudal Age |
| 5:23 | Investigar | Feudal Age |
| 6:54 | Crear | Villager (Male) |
| 7:05 | Crear | Villager (Male) |
| 7:36 | Edad | Edad Feudal |
| 7:38 | Construir | Blacksmith |
| 7:39 | Construir | Market |
| 7:44 | Construir | Lumber Camp |
| 8:36 | Investigar | Castle Age |
| 9:19 | Investigar | Double-Bit Axe |
| 9:21 | Investigar | Horse Collar |
| 10:39 | Crear | Villager (Male) |
| 11:16 | Edad | Edad de los Castillos |
| 11:17 | Construir | Town Center |
| 11:22 | Construir | Town Center |
| 11:25 | Investigar | Bow Saw |
| 11:42 | Investigar | Heavy Plow |
| 11:44 | Crear | Villager (Male) |
| 11:46 | Crear | Villager (Male) |
| 12:12 | Crear | Villager (Male) |
| 12:28 | Crear | Villager (Male) |
| 12:34 | Construir | Farm |
| 12:35 | Construir | Farm |
| 12:35 | Construir | Farm |
| 12:35 | Construir | Farm |
| 12:40 | Crear | Villager (Male) |
| 12:41 | Crear | Villager (Male) |
| 12:55 | Construir | Farm |
| 13:00 | Crear | Villager (Male) |
| 13:01 | Crear | Villager (Male) |
| 13:07 | Crear | Villager (Male) |
| 13:07 | Crear | Villager (Male) |
| 13:11 | Construir | Farm |
| 13:18 | Construir | Farm |
| 13:18 | Construir | Farm |
| 13:19 | Construir | Farm |
| 13:24 | Crear | Villager (Male) |
| 13:28 | Construir | Farm |
| 13:41 | Construir | Farm |
| 13:44 | Crear | Villager (Male) |
| 13:44 | Crear | Villager (Male) |
| 13:50 | Construir | Farm |
| 13:56 | Crear | Villager (Male) |
| 13:56 | Crear | Villager (Male) |
| 14:01 | Construir | Farm |
| 14:03 | Crear | Villager (Male) |
| 14:04 | Crear | Villager (Male) |
| 14:09 | Crear | Villager (Male) |
| 14:14 | Construir | Farm |
| 14:18 | Crear | Villager (Male) |
| 14:18 | Crear | Villager (Male) |
| 14:19 | Construir | Farm |
| 14:27 | Construir | Farm |
| 14:28 | Crear | Villager (Male) |
| 14:28 | Crear | Villager (Male) |
| 14:39 | Crear | Villager (Male) |
| 14:39 | Crear | Villager (Male) |
| 14:49 | Crear | Villager (Male) |
| 14:49 | Crear | Villager (Male) |
| 14:58 | Crear | Villager (Male) |
| 14:58 | Crear | Villager (Male) |
| 15:22 | Crear | Ratha (Ranged) |
| 15:24 | Crear | Villager (Male) |
| 15:25 | Crear | Villager (Male) |
| 15:29 | Construir | Mining Camp |
| 15:37 | Crear | Villager (Male) |
| 15:47 | Construir | House |
| 15:47 | Construir | House |
| 15:52 | Construir | House |
| 15:52 | Construir | House |
| 15:56 | Investigar | Padded Archer Armor |
| 15:58 | Crear | Ratha (Ranged) |
| 16:04 | Crear | Villager (Male) |
| 16:36 | Crear | Ratha (Ranged) |
| 16:37 | Crear | Villager (Male) |
| 16:37 | Crear | Villager (Male) |
| 16:38 | Crear | Villager (Male) |
| 16:38 | Crear | Villager (Male) |
| 16:44 | Crear | Ratha (Ranged) |
| 16:58 | Crear | Ratha (Ranged) |
| 17:11 | Crear | Ratha (Ranged) |
| 17:12 | Crear | Villager (Male) |
| 17:12 | Crear | Villager (Male) |
| 17:12 | Crear | Villager (Male) |
| 17:15 | Construir | Farm |
| 17:18 | Construir | Mining Camp |
| 17:20 | Construir | House |
| 17:21 | Construir | House |
| 17:24 | Crear | Villager (Male) |
| 17:42 | Crear | Villager (Male) |
| 17:43 | Crear | Villager (Male) |
| 17:45 | Crear | Ratha (Ranged) |
| 17:45 | Crear | Ratha (Ranged) |
| 17:45 | Crear | Ratha (Ranged) |
| 17:50 | Crear | Villager (Male) |
| 17:51 | Crear | Villager (Male) |
| 17:58 | Crear | Villager (Male) |
| 17:58 | Crear | Villager (Male) |
| 18:16 | Crear | Villager (Male) |
| 18:16 | Crear | Villager (Male) |
| 18:20 | Crear | Villager (Male) |
| 18:22 | Construir | Farm |
| 18:26 | Construir | Mill |
| 18:26 | Construir | Farm |
| 18:27 | Construir | Farm |
| 18:27 | Construir | Farm |
| 18:27 | Construir | Farm |
| 18:27 | Construir | Farm |
| 18:28 | Construir | Farm |
| 18:28 | Construir | Farm |
| 18:28 | Construir | Farm |
| 18:29 | Construir | Farm |
| 18:50 | Crear | Ratha (Ranged) |
| 18:58 | Crear | Villager (Male) |
| 18:58 | Crear | Villager (Male) |
| 19:20 | Crear | Ratha (Ranged) |
| 19:20 | Crear | Ratha (Ranged) |
| 19:21 | Crear | Villager (Male) |
| 19:22 | Crear | Villager (Male) |
| 19:22 | Crear | Villager (Male) |
| 19:27 | Construir | Farm |
| 19:27 | Construir | Farm |
| 19:27 | Construir | Farm |
| 19:28 | Construir | Farm |
| 19:28 | Construir | Farm |
| 19:28 | Construir | Farm |
| 19:29 | Construir | Farm |
| 19:29 | Construir | Farm |
| 19:29 | Construir | Farm |
Build order — Alvaro
Primeras 150 de 282 acciones detectadas
| 0:02 | Crear | Villager (Male) ×3 |
| 0:06 | Construir | Lumber Camp |
| 1:02 | Crear | Villager (Male) |
| 1:03 | Crear | Villager (Male) |
| 1:33 | Crear | Villager (Male) |
| 1:34 | Crear | Villager (Male) |
| 2:02 | Crear | Villager (Male) |
| 2:03 | Crear | Villager (Male) |
| 2:22 | Crear | Villager (Male) |
| 2:22 | Crear | Villager (Male) |
| 2:52 | Crear | Villager (Male) ×3 |
| 2:53 | Crear | Villager (Male) ×3 |
| 3:27 | Construir | Mill |
| 3:57 | Crear | Villager (Male) |
| 4:06 | Crear | Villager (Male) |
| 4:08 | Construir | Farm |
| 4:10 | Construir | Farm |
| 4:15 | Construir | Farm |
| 4:21 | Crear | Villager (Male) |
| 4:46 | Construir | Mining Camp |
| 5:28 | Investigar | Feudal Age |
| 5:28 | Investigar | Feudal Age |
| 7:05 | Crear | Villager (Male) |
| 7:05 | Crear | Villager (Male) |
| 7:38 | Edad | Edad Feudal |
| 7:41 | Construir | Blacksmith |
| 7:43 | Construir | Market |
| 7:56 | Crear | Villager (Male) |
| 8:35 | Investigar | Castle Age |
| 8:35 | Investigar | Castle Age |
| 8:55 | Investigar | Gold Mining |
| 9:12 | Crear | Eagle Scout |
| 9:35 | Investigar | Scale Mail Armor |
| 9:58 | Crear | Villager (Male) |
| 10:06 | Crear | Eagle Scout |
| 10:08 | Crear | Eagle Scout |
| 10:45 | Crear | Villager (Male) |
| 10:45 | Crear | Villager (Male) |
| 10:59 | Crear | Villager (Male) |
| 11:15 | Edad | Edad de los Castillos |
| 11:20 | Construir | Siege Workshop |
| 11:39 | Construir | Stone Wall |
| 11:46 | Construir | Stone Wall |
| 11:49 | Construir | Stone Wall |
| 11:55 | Crear | Eagle Scout |
| 11:55 | Crear | Eagle Scout |
| 11:59 | Crear | Battering Ram |
| 11:59 | Crear | Battering Ram |
| 12:10 | Crear | Spearman |
| 12:10 | Crear | Spearman |
| 12:39 | Crear | Battering Ram |
| 12:40 | Crear | Villager (Male) |
| 12:40 | Crear | Villager (Male) |
| 12:43 | Construir | Farm |
| 13:02 | Construir | Farm |
| 13:04 | Construir | Farm |
| 13:25 | Investigar | Double-Bit Axe |
| 13:25 | Investigar | Double-Bit Axe |
| 13:31 | Construir | Farm |
| 13:36 | Investigar | Loom |
| 13:38 | Crear | Eagle Scout |
| 13:57 | Construir | Farm |
| 13:58 | Crear | Villager (Male) |
| 14:01 | Crear | Eagle Scout |
| 14:29 | Construir | House |
| 14:30 | Construir | House |
| 14:31 | Construir | House |
| 14:37 | Investigar | Town Watch |
| 14:47 | Construir | Farm |
| 15:11 | Crear | Battering Ram |
| 15:12 | Crear | Villager (Male) |
| 15:12 | Crear | Villager (Male) |
| 15:23 | Investigar | Horse Collar |
| 15:23 | Investigar | Horse Collar |
| 15:58 | Crear | Eagle Scout |
| 15:58 | Crear | Eagle Scout |
| 16:00 | Investigar | Squires |
| 16:06 | Construir | Farm |
| 16:08 | Construir | Farm |
| 16:20 | Construir | Farm |
| 16:23 | Crear | Villager (Male) |
| 16:23 | Crear | Villager (Male) |
| 17:10 | Crear | Battering Ram |
| 17:11 | Crear | Eagle Scout ×5 |
| 17:14 | Crear | Villager (Male) |
| 17:38 | Crear | Eagle Scout |
| 17:38 | Crear | Eagle Scout |
| 17:40 | Construir | Farm |
| 17:46 | Construir | House |
| 17:47 | Construir | House |
| 17:48 | Construir | House |
| 18:33 | Crear | Battering Ram |
| 18:33 | Crear | Battering Ram |
| 18:34 | Crear | Villager (Male) |
| 18:34 | Crear | Villager (Male) |
| 18:35 | Crear | Villager (Male) |
| 18:36 | Construir | Farm |
| 19:10 | Crear | Villager (Male) |
| 19:10 | Crear | Villager (Male) |
| 19:12 | Construir | Farm |
| 19:12 | Construir | Farm |
| 19:12 | Construir | Farm |
| 19:12 | Construir | Farm |
| 19:47 | Investigar | Chain Mail Armor |
| 19:48 | Crear | Villager (Male) |
| 19:48 | Crear | Villager (Male) |
| 19:53 | Construir | Farm |
| 19:54 | Construir | Farm |
| 20:01 | Construir | Farm |
| 20:24 | Investigar | Forging |
| 21:10 | Crear | Villager (Male) |
| 21:10 | Crear | Villager (Male) |
| 21:11 | Crear | Villager (Male) |
| 21:18 | Construir | Town Center |
| 21:22 | Construir | Farm |
| 21:51 | Construir | Farm |
| 21:52 | Crear | Villager (Male) |
| 21:52 | Crear | Villager (Male) |
| 22:07 | Construir | Farm |
| 22:12 | Construir | Farm |
| 22:38 | Construir | Lumber Camp |
| 23:15 | Construir | Stone Wall |
| 23:24 | Investigar | Eagle Warrior (upgrade) |
| 23:26 | Crear | Villager (Male) |
| 23:26 | Crear | Villager (Male) |
| 23:34 | Construir | Stone Wall |
| 23:37 | Crear | Mangonel |
| 23:37 | Crear | Mangonel |
| 23:51 | Investigar | Bow Saw |
| 23:51 | Investigar | Bow Saw |
| 23:51 | Investigar | Bow Saw |
| 24:15 | Construir | Farm |
| 24:22 | Crear | Mangonel |
| 24:22 | Crear | Mangonel |
| 24:38 | Construir | Farm |
| 24:41 | Crear | Eagle Scout ×5 |
| 24:45 | Investigar | Iron Casting |
| 25:15 | Crear | Mangonel |
| 25:39 | Crear | Villager (Male) |
| 25:39 | Crear | Villager (Male) |
| 25:46 | Construir | Barracks |
| 25:48 | Construir | Barracks |
| 26:11 | Crear | Villager (Male) |
| 26:11 | Crear | Villager (Male) |
| 26:16 | Construir | Farm |
| 26:38 | Investigar | Wheelbarrow |
| 26:40 | Investigar | Heavy Plow |
| 26:42 | Investigar | Stone Mining |
| 26:43 | Crear | Villager (Male) |
| 26:44 | Crear | Villager (Male) |
Build order — gamelnderGamler
Primeras 150 de 367 acciones detectadas
| 0:02 | Crear | Villager (Male) |
| 0:02 | Crear | Villager (Male) |
| 0:07 | Construir | Lumber Camp |
| 0:16 | Crear | Villager (Male) |
| 0:16 | Crear | Villager (Male) |
| 0:56 | Construir | Mill |
| 1:06 | Construir | Mill |
| 1:36 | Crear | Villager (Male) |
| 1:36 | Crear | Villager (Male) |
| 1:36 | Crear | Villager (Male) |
| 1:36 | Crear | Villager (Male) |
| 2:23 | Crear | Villager (Male) |
| 3:25 | Crear | Villager (Male) |
| 3:25 | Crear | Villager (Male) |
| 3:25 | Crear | Villager (Male) |
| 3:27 | Crear | Villager (Male) |
| 4:09 | Construir | Farm |
| 4:11 | Construir | Farm |
| 4:23 | Construir | Farm |
| 4:46 | Crear | Villager (Male) |
| 4:58 | Construir | Farm |
| 5:08 | Construir | Mining Camp |
| 5:26 | Investigar | Feudal Age |
| 6:18 | Crear | Villager (Male) |
| 6:18 | Crear | Villager (Male) |
| 7:40 | Edad | Edad Feudal |
| 7:42 | Construir | Market |
| 7:45 | Construir | Blacksmith |
| 8:48 | Investigar | Castle Age |
| 8:48 | Investigar | Castle Age |
| 9:42 | Construir | Lumber Camp |
| 9:46 | Investigar | Double-Bit Axe |
| 9:48 | Investigar | Horse Collar |
| 10:46 | Crear | Villager (Male) |
| 10:47 | Crear | Villager (Male) |
| 11:28 | Edad | Edad de los Castillos |
| 11:32 | Construir | Town Center |
| 11:41 | Construir | Town Center |
| 12:13 | Crear | Villager (Male) |
| 12:38 | Crear | Villager (Male) |
| 12:59 | Investigar | Bow Saw |
| 13:34 | Crear | Villager (Male) |
| 13:43 | Crear | Villager (Male) |
| 13:43 | Crear | Villager (Male) |
| 13:43 | Crear | Villager (Male) |
| 14:08 | Crear | Villager (Male) |
| 14:08 | Crear | Villager (Male) |
| 14:17 | Construir | Town Center |
| 14:24 | Construir | Farm |
| 14:32 | Construir | Farm |
| 14:35 | Crear | Villager (Male) ×5 |
| 14:43 | Construir | Farm |
| 15:01 | Investigar | Loom |
| 15:06 | Crear | Organ Gun |
| 15:06 | Crear | Organ Gun |
| 15:15 | Crear | Villager (Male) |
| 15:17 | Construir | Farm |
| 15:18 | Construir | Farm |
| 15:19 | Construir | Farm |
| 15:50 | Crear | Villager (Male) |
| 15:50 | Crear | Villager (Male) |
| 16:01 | Construir | Mining Camp |
| 16:05 | Crear | Organ Gun |
| 16:05 | Crear | Organ Gun |
| 16:15 | Crear | Villager (Male) |
| 16:15 | Crear | Villager (Male) |
| 16:23 | Crear | Organ Gun |
| 16:23 | Crear | Organ Gun |
| 16:55 | Crear | Villager (Male) |
| 16:56 | Crear | Villager (Male) |
| 17:05 | Crear | Villager (Male) |
| 17:07 | Crear | Villager (Male) |
| 17:07 | Crear | Villager (Male) |
| 17:20 | Crear | Organ Gun |
| 17:20 | Crear | Organ Gun |
| 18:01 | Crear | Villager (Male) ×5 |
| 18:08 | Crear | Organ Gun |
| 18:08 | Crear | Organ Gun |
| 18:24 | Crear | Organ Gun |
| 18:24 | Crear | Organ Gun |
| 18:42 | Construir | House |
| 18:42 | Construir | House |
| 18:52 | Crear | Organ Gun |
| 18:52 | Crear | Organ Gun |
| 18:59 | Crear | Villager (Male) |
| 19:02 | Construir | Farm |
| 19:13 | Crear | Organ Gun |
| 19:22 | Construir | Lumber Camp |
| 19:27 | Crear | Villager (Male) |
| 19:27 | Crear | Villager (Male) |
| 19:37 | Crear | Organ Gun |
| 20:09 | Crear | Organ Gun |
| 20:25 | Crear | Organ Gun |
| 20:25 | Crear | Organ Gun |
| 20:36 | Construir | Farm |
| 20:49 | Crear | Villager (Male) ×3 |
| 20:55 | Construir | Town Center |
| 21:08 | Construir | House |
| 21:09 | Construir | House |
| 21:41 | Crear | Villager (Male) |
| 21:44 | Construir | Farm |
| 21:54 | Construir | Town Center |
| 21:59 | Construir | Gate |
| 22:01 | Crear | Organ Gun |
| 22:11 | Construir | House |
| 22:14 | Crear | Villager (Male) ×3 |
| 22:35 | Construir | Town Center |
| 23:04 | Crear | Organ Gun |
| 23:04 | Crear | Organ Gun |
| 23:14 | Crear | Villager (Male) |
| 23:14 | Crear | Villager (Male) |
| 23:20 | Construir | Siege Workshop |
| 23:29 | Crear | Organ Gun |
| 23:50 | Construir | Gate |
| 24:00 | Construir | House |
| 24:01 | Construir | House |
| 24:02 | Crear | Villager (Male) ×3 |
| 24:09 | Construir | Mill |
| 24:21 | Crear | Organ Gun |
| 24:22 | Crear | Organ Gun |
| 24:25 | Construir | Farm |
| 24:26 | Construir | Farm |
| 24:35 | Crear | Villager (Male) |
| 24:35 | Crear | Villager (Male) |
| 24:41 | Crear | Organ Gun |
| 24:46 | Construir | Farm |
| 24:48 | Crear | Villager (Male) |
| 25:08 | Crear | Battering Ram |
| 25:15 | Crear | Villager (Male) |
| 25:20 | Construir | Farm |
| 25:21 | Construir | Farm |
| 25:23 | Construir | Farm |
| 25:25 | Crear | Villager (Male) |
| 25:28 | Construir | Farm |
| 25:28 | Construir | Farm |
| 25:29 | Construir | Farm |
| 25:50 | Crear | Organ Gun |
| 25:50 | Crear | Organ Gun |
| 25:51 | Crear | Villager (Male) ×2 |
| 25:56 | Construir | Farm |
| 25:59 | Construir | Farm |
| 26:01 | Crear | Villager (Male) ×2 |
| 26:04 | Construir | Farm |
| 26:06 | Construir | Farm |
| 26:08 | Construir | Farm |
| 26:20 | Crear | Villager (Male) |
| 26:22 | Construir | Farm |
| 26:26 | Crear | Villager (Male) |
| 26:28 | Crear | Villager (Male) |
| 26:31 | Construir | House |
Cronología de la partida
| 7:36 | konstid · age_up feudal |
| 7:38 | Alvaro · age_up feudal |
| 7:40 | gamelnderGamler · age_up feudal |
| 7:51 | RoyalT_Spopovich · age_up feudal |
| 8:01 | Richman · age_up feudal |
| 8:26 | ABOMB · age_up feudal |
| 8:29 | schizotypepd · age_up feudal |
| 8:31 | konstid · first_market_sell 100 wood |
| 8:31 | konstid · first_market_buy 100 food |
| 8:36 | ABOMB · first_building Stable |
| 8:39 | Wizo · age_up feudal |
| 11:15 | Alvaro · age_up castle |
| 11:16 | konstid · age_up castle |
| 11:20 | Alvaro · first_building Siege Workshop |
| 11:21 | RoyalT_Spopovich · age_up castle |
| 11:28 | gamelnderGamler · age_up castle |
| 11:39 | Alvaro · wall_segment Stone Wall x1 |
| 11:42 | Richman · age_up castle |
| 11:46 | Alvaro · wall_segment Stone Wall x1 |
| 11:49 | Alvaro · wall_segment Stone Wall x1 |
| 12:01 | schizotypepd · age_up castle |
| 12:10 | Wizo · age_up castle |
| 12:35 | ABOMB · age_up castle |
| 12:35 | Wizo · first_market_sell 100 food |
| 12:35 | Wizo · first_market_buy 100 wood |
| 13:11 | gamelnderGamler · first_market_buy 100 stone |
| 14:46 | Richman · first_market_buy 100 wood |
| 18:34 | ABOMB · wall_segment Stone Wall x10 |
| 18:47 | ABOMB · wall_segment Stone Wall x8 |
| 18:50 | schizotypepd · first_building Monastery |
| 19:14 | schizotypepd · wall_segment Stone Wall x4 |
| 19:28 | ABOMB · wall_segment Stone Wall x9 |
| 19:29 | ABOMB · wall_segment Stone Wall x1 |
| 19:48 | ABOMB · wall_segment Stone Wall x15 |
| 20:20 | schizotypepd · first_building Castle |
| 20:36 | konstid · first_building Castle |
| 20:40 | Wizo · wall_segment Stone Wall x6 |
| 20:41 | Wizo · wall_segment Stone Wall x1 |
| 20:42 | Richman · first_building Barracks |
| 20:46 | Wizo · wall_segment Stone Wall x1 |
| 20:51 | ABOMB · wall_segment Stone Wall x8 |
| 20:55 | Richman · first_market_sell 100 food |
| 21:12 | Wizo · first_building Archery Range |
| 21:32 | ABOMB · first_building Monastery |
| 21:34 | RoyalT_Spopovich · first_market_sell 100 food |
| 21:43 | schizotypepd · wall_segment Stone Wall x1 |
| 22:25 | schizotypepd · first_building Barracks |
| 22:27 | Richman · first_building Siege Workshop |
| 23:15 | Alvaro · wall_segment Stone Wall x6 |
| 23:20 | gamelnderGamler · first_building Siege Workshop |
| 23:24 | schizotypepd · first_building Archery Range |
| 23:34 | Alvaro · wall_segment Stone Wall x5 |
| 23:46 | Wizo · wall_segment Stone Wall x11 |
| 23:50 | RoyalT_Spopovich · first_building Siege Workshop |
| 24:05 | Richman · age_up imperial |
| 24:14 | ABOMB · first_market_sell 100 wood |
| 24:45 | RoyalT_Spopovich · age_up imperial |
| 24:47 | Wizo · age_up imperial |
| 25:13 | Alvaro · first_market_sell 100 food |
| 25:46 | Alvaro · first_building Barracks |
| 25:46 | RoyalT_Spopovich · first_building Castle |
| 25:58 | schizotypepd · first_building Siege Workshop |
| 26:18 | schizotypepd · age_up imperial |
| 27:01 | konstid · age_up imperial |
| 27:03 | Wizo · first_building Castle |
| 27:25 | ABOMB · age_up imperial |
| 28:03 | Wizo · wall_segment Stone Wall x1 |
| 29:25 | Alvaro · wall_segment Stone Wall x2 |
| 29:55 | Wizo · first_building Stable |
| 30:01 | Alvaro · wall_segment Stone Wall x3 |
| 30:53 | konstid · tribute_sent a jugador 1 |
| 30:53 | konstid · tribute_sent a jugador 2 |
| 30:53 | konstid · tribute_sent a jugador 3 |
| 30:53 | konstid · tribute_sent a jugador 4 |
| 30:53 | konstid · tribute_sent a jugador 5 |
| 30:53 | konstid · tribute_sent a jugador 7 |
| 30:53 | konstid · tribute_sent a jugador 8 |
| 31:14 | Alvaro · age_up imperial |
| 31:17 | ABOMB · first_building Siege Workshop |
| 31:36 | gamelnderGamler · first_building Archery Range |
| 31:51 | ABOMB · tribute_sent a jugador 1 |
| 31:51 | ABOMB · tribute_sent a jugador 2 |
| 31:51 | ABOMB · tribute_sent a jugador 4 |
| 31:51 | ABOMB · tribute_sent a jugador 5 |
| 31:51 | ABOMB · tribute_sent a jugador 6 |
| 31:51 | ABOMB · tribute_sent a jugador 7 |
| 31:51 | ABOMB · tribute_sent a jugador 8 |
| 31:59 | schizotypepd · first_market_sell 500 food |
| 32:11 | Richman · wall_segment Stone Wall x1 |
| 32:29 | Richman · wall_segment Stone Wall x1 |
| 32:30 | Richman · wall_segment Stone Wall x1 |
| 33:07 | konstid · first_building Barracks |
| 34:17 | gamelnderGamler · age_up imperial |
| 35:46 | konstid · first_building Stable |
| 35:46 | Wizo · first_building Barracks |
| 35:55 | gamelnderGamler · first_building Castle |
| 36:55 | RoyalT_Spopovich · first_building Stable |
| 37:14 | Alvaro · first_market_buy 100 stone |
| 38:06 | Richman · tribute_sent a jugador 1 |
| 38:06 | Richman · tribute_sent a jugador 3 |
| 38:06 | Richman · tribute_sent a jugador 4 |
| 38:06 | Richman · tribute_sent a jugador 5 |
| 38:06 | Richman · tribute_sent a jugador 6 |
| 38:06 | Richman · tribute_sent a jugador 7 |
| 38:06 | Richman · tribute_sent a jugador 8 |
| 39:11 | RoyalT_Spopovich · tribute_sent a jugador 2 |
| 39:11 | RoyalT_Spopovich · tribute_sent a jugador 3 |
| 39:11 | RoyalT_Spopovich · tribute_sent a jugador 4 |
| 39:11 | RoyalT_Spopovich · tribute_sent a jugador 5 |
| 39:11 | RoyalT_Spopovich · tribute_sent a jugador 6 |
| 39:11 | RoyalT_Spopovich · tribute_sent a jugador 7 |
| 39:11 | RoyalT_Spopovich · tribute_sent a jugador 8 |
| 39:56 | gamelnderGamler · wall_segment Stone Wall x1 |
| 39:59 | gamelnderGamler · wall_segment Stone Wall x9 |
| 41:58 | Richman · first_building Castle |
| 42:05 | konstid · first_building Archery Range |
| 43:16 | Richman · tribute_sent a jugador 1 |
| 43:16 | Richman · tribute_sent a jugador 3 |
| 43:16 | Richman · tribute_sent a jugador 4 |
| 43:16 | Richman · tribute_sent a jugador 5 |
| 43:16 | Richman · tribute_sent a jugador 6 |
| 43:16 | Richman · tribute_sent a jugador 7 |
| 43:16 | Richman · tribute_sent a jugador 8 |
| 45:00 | ABOMB · wall_segment Stone Wall x8 |
| 45:08 | ABOMB · first_building Castle |
| 45:51 | ABOMB · first_building Barracks |
| 45:56 | RoyalT_Spopovich · resign |
[ ANÁLISIS IA · 1 CRÉDITO ]
¿Qué pasó realmente en esta partida?
Wolo.gg analiza cada decisión: build order, eco, micro, errores típicos por bracket. Análisis personalizado por WhatsApp o Discord en 30 segundos.
Guía civ
Aztecas
Perfil
Jugador #866183